AoeStats
← Privilege

MegaRandom

503967388Analyzed
1v1 RM · 1mo ago on Sep 3, 2026· 42m 42s· 2 players
Game mode
Random Map
Map size
Tiny (2 player)
Population
200
Speed
Normal
Resources
Standard
Victory
Conquest
Starting age
Dark Age
Ending age
Imperial Age
RankedLock teamsTeams togetherTeam positionsShared explorationLock speedFull tech treeHidden civsTurbo modeCheats
Victory
Defeat
🇨🇳 Poles · China
1417
+17
🇨🇳 Jurchens · China
1447
-17
Privilege
7:00 Loom
10:20 Feudal Age
11:21 Double-Bit Axe
13:45 Scale Barding Armor
13:32 Horse Collar
20:48 Castle Age
19:15 Gold Mining
20:25 Bloodlines
21:59 Chain Barding Armor
21:01 Light Cavalry
22:50 Forging
26:08 Iron Casting
25:52 Town Watch
26:48 Wheelbarrow
26:46 Town Watch
30:30 Heavy Plow
31:48 Szlachta Privileges
33:20 Devotion
36:18 Husbandry
39:27 Imperial Age
38:18 Scale Mail Armor
39:19 Chain Mail Armor
39:09 Squires
39:38 Cavalier
41:23 Blast Furnace
42:05 Elite Obuch
AOE | Wu
2:33 Loom
9:57 Feudal Age
13:22 Double-Bit Axe
19:40 Castle Age
18:41 Gold Mining
20:46 Scale Mail Armor
21:34 Wheelbarrow
21:58 Bow Saw
23:46 Chain Mail Armor
25:19 Squires
26:57 Forging
28:09 Horse Collar
31:08 Iron Casting
34:19 Gold Shaft Mining
43:06 Fervor
Connection lost

Rejoining the realm…

Still unreachable

The connection could not be restored.

Session expired

The server has moved on; the page needs a fresh start.